 Dungeon Sprint DCSS version 0.26-a0-739-gf55cbd344a (webtiles) character file.

Game seed: 16857654573153476244

71842 olmar the Hoplite (level 14, -2/153 HPs)
             Began as a Deep Dwarf Fighter on Nov 5, 2020.
             Was an Initiate of Gozag.
             Slain by Ignacio
             ... wielding a +5 executioner's axe of pain
              (6 damage)
             ... in the Dungeon (Sprint V: "Ziggurat Sprint").
             The game lasted 00:14:56 (1086 turns).

olmar the Hoplite (Deep Dwarf Fighter)              Turns: 1086, Time: 00:14:56

Health: -2/153     AC: 42    Str: 30    XL:     14   Next: 99%
Magic:  14/14      EV: 10    Int: 16    God:    Gozag
Gold:   13815      SH: 42    Dex: 12    Spells: 13/13 levels left

rFire    + + .     SeeInvis .   I - +13 lance "Wyrmbane" {slay drac, rPois rF+ rC+ AC+3}
rCold    + + +     Faith    .   H - +18 shield of the Gong {rElec rN+ MR+ EV-5}
rNeg     + + +     Spirit   .   G - +15 Maxwell's patent armour {-Cast -Tele rElec MR+ rCorr}
rPois    +         Reflect  +   M - +1 helmet {Int+3}
rElec    +         Harm     .   (no cloak)
rCorr    +         Rampage  .   J - +2 pair of gloves {Str+3}
MR       +++++     NoTele   +   (no boots) Stlth ..........NoCast +
                                T - amulet of reflection
HPRegen  0.00/turn              b - ring "Quun" {rC+ rN+ rCorr}
MPRegen  0.14/turn              K - ring "Nifubapa" {MR+ EV+4 Str+2 Int+4}

@: mighty, brilliant, lethally poisoned (-2 -> -2), resistant, gold aura,
non-regenerating, hasted and slowed, studying 3 skills
A: damage resistance, heal wounds, negative energy resistance 1, sense
surroundings 2, no regeneration
a: Heal Wounds, Potion Petition, Call Merchant, Bribe Branch, Renounce Religion


You were in the Dungeon.
You worshipped Gozag.
Gozag was extremely pleased with you.
You visited 1 branch You collected 14823 gold pieces.
You paid 1008 gold pieces to Gozag.

Inventory:

Hand Weapons
 a - a +0 trident
 F - the cursed +14 obsidian axe {vorpal, +Fly SInv *Curse}
   (You found it in the Dungeon)

   It inflicts extra damage upon your enemies.
   It lets you see invisible.
   It lets you fly.
   It curses itself when equipped.
   It has a curse placed upon it.
 I - the +13 lance "Wyrmbane" (weapon) {slay drac, rPois rF+ rC+ AC+3}
   (You found it in the Dungeon)

   It affects your AC (+3).
   It protects you from fire.
   It protects you from cold.
   It protects you from poison.
Armour
 G - the +15 Maxwell's patent armour (worn) {-Cast -Tele rElec MR+ rCorr}
   (You found it in the Dungeon)

   It insulates you from electricity.
   It affects your resistance to hostile enchantments.
   It prevents spellcasting.
   It prevents most forms of teleportation.
   It provides partial protection from all sources of acid and corrosion.
 H - the +18 shield of the Gong (worn) {rElec rN+ MR+ EV-5}
   (You found it in the Dungeon)

   It affects your evasion (-5).
   It insulates you from electricity.
   It protects you from negative energy.
   It affects your resistance to hostile enchantments.
 J - a +2 pair of gloves of strength (worn)
 M - a +1 helmet of intelligence (worn)
Jewellery
 b - the ring "Quun" (left hand) {rC+ rN+ rCorr}
   (You found it in the Dungeon)

   [ring of resist corrosion]

   It protects you from cold.
   It protects you from negative energy.
   It provides partial protection from all sources of acid and corrosion.
 C - a +6 ring of strength
 K - the ring "Nifubapa" (right hand) {MR+ EV+4 Str+2 Int+4}
   (You found it in the Dungeon)

   [ring of evasion]

   It affects your evasion (+4).
   It affects your strength (+2).
   It affects your intelligence (+4).
   It affects your resistance to hostile enchantments.
 T - an amulet of reflection (around neck)
 U - the amulet of Lefoto {Spirit rN+ Str+5 Int+2}
   (You found it in the Dungeon)

   [amulet of guardian spirit]

   It causes incoming damage to be split between your health and magic.
   It affects your strength (+5).
   It affects your intelligence (+2).
   It protects you from negative energy.
 Y - an uncursed ring of protection from cold
Wands
 u - a wand of disintegration (7)
 v - a wand of iceblast (7)
 w - a wand of acid (11)
 X - a wand of polymorph (8)
Scrolls
 j - 4 scrolls of blinking
 n - 3 scrolls of brand weapon
 o - 4 scrolls of amnesia
 p - 7 scrolls of fog
 q - a scroll of holy word
 r - 5 scrolls of identify
 s - 5 scrolls of remove curse
 t - 2 scrolls of fear
 R - 4 scrolls of enchant armour
Potions
 d - 5 potions of might
 e - 12 potions of curing
 f - a potion of heal wounds
 g - 17 potions of haste
 h - 7 potions of magic
 i - 2 potions of berserk rage
 k - 2 potions of brilliance
 l - 2 potions of invisibility
 m - 3 potions of resistance
Books
 c - a manual of Stealth
 S - a manual of Slings
 Z - a manual of Polearms
Miscellaneous
 E - a lightning rod (4/4)
 L - a phantom mirror
 N - a condenser vane (2/2)
 O - a box of beasts (3/3)
 P - a phial of floods
 Q - a tin of tremorstones (3/3)


   Skills:
 + Level 17.3 Fighting
 + Level 15.1 Polearms
 + Level 16.9 Armour
 + Level 5.9 Dodging
 + Level 25.6 Shields
 + Level 19.8 Evocations


You had 13 spell levels left.
You didn't know any spells.
Your spell library contained the following spells:

 Spells                   Type           Power        Failure   Level
 Foxfire                  Conj/Fire      #...         77%         1
 Ensorcelled Hibernation  Hex/Ice        #.....       88%         2
 Portal Projectile        Hex/Tloc       #.....       98%         3
 Cause Fear               Hex            #.........   100%        4
 Bolt of Magma            Conj/Fire/Erth #.........   100%        5
 Lee's Rapid Deconstruct  Erth           #.........   100%        5
 Dragon Form              Tmut           #.........   100%        7
 Dragon's Call            Summ           #.........   100%        9


Dungeon Overview and Level Annotations

Branches:
Dungeon (1/1)

Altars:
Ashenzari
Cheibriados
Dithmenos
Elyvilon
Fedhas
Gozag
Hepliaklqana
Kikubaaqudgha
Makhleb
Nemelex Xobeh
Okawaru
Qazlal
Ru
Sif Muna
Trog
Uskayaw
Vehumet
Wu Jian
Xom
Yredelemnul
Zin
The Shining One
Beogh
Jiyva
Lugonu

Annotations:
D Boris, Chuck, Dissolution, Donald, Gloorx Vloq, Ignacio, Jory, Mara, Murray, Sonja


Innate Abilities, Weirdness & Mutations

You are resistant to damage.
You can heal yourself by infusing magical energy.
You resist negative energy. (rN+)
You passively map the area around you.
You do not regenerate.


Message History

GONNNNG!
The Executioner hits you but does no damage. x2
The Executioner hits you!
* * * LOW HITPOINT WARNING * * *
The Executioner hits you but does no damage.
The Executioner completely misses you.
The Executioner is engulfed in freezing vapours.
The Executioner hits you but does no damage. x2
The Executioner closely misses you.
The bat simulacrum is engulfed in blazing flames.
The bat simulacrum vapourises!
Ignacio is engulfed in freezing vapours.
Ignacio hits you with a +5 executioner's axe of pain!
* * * LOW HITPOINT WARNING * * *
You block Ignacio's attack.
GONNNNG!
Ignacio hits you but does no damage.
Ignacio hits you with a +5 executioner's axe of pain!
You die...
Your body crumbles into a pile of gold.

, ,, , , ,▓........ , , ,
≈ ...§§z§W§§§....▓......[.
, ≈
...§§§nL§§§....▓......)(
.....§§§§§§....▓.....)))
.....GV§§§.....▓.....)()
≈*....G.JR§§.....▓..▓....)
, .....C§&§@.....▓........
≈ ....G.@11......▓....(...
≈ , ,▓.G1@1..▓ ▓......©. *
, .,*▓▓..H..▓▓ .▓▓▓▓▓▓▓▓▓
≈, ≈
*...▓.......▓...▓.....8©8
...............▓.[)}|=): ≈
≈ .......©.......▓..).[)=}
* ▓▓▓▓▓▓▓▓▓▓▓▓▓▓▓▓..)..(.)
8 ≈ * , , ▓.....).) ≈≈ *
,, ,, , ▓....().) ≈ ≈ *,
,, ▓....)().


You could see Gloorx Vloq, Ignacio (fast), Jory, Dissolution, Murray, Boris,
Mara, Chuck, Donald (fast, strong), 3 Executioners, a phantasmal warrior
(summoned), 2 eyes of draining, a necrophage (summoned), olmar's illusion
(slow), 2 golden eyes and a friendly primal stingfire beast (summoned).

Vanquished Creatures
  Nikola (D)
  the Enchantress (D)
  A lich (D)
  A titan (D)
  2 shadow dragons (D)
  5 storm dragons (D)
  Roxanne (D)
  Louise (D)
  An orc warlord (D)
  A deep elf elementalist (D)
  A vampire knight (D)
  A merfolk javelineer (D)
  Josephine (D)
  A merfolk impaler (D)
  2 spriggan air magi (D)
  A merfolk aquamancer (D)
  A vampire mage (D)
  2 orc high priests (D)
  2 soul eaters (D)
  Nergalle (D)
  A glowing orange brain (D)
  2 skeletal warriors (D)
  A flayed ghost (D)
  4 sea snakes (D)
  2 deep elf archers (D)
  Pikel (D)
  2 orc knights (D)
  A necromancer (D)
  A deep elf mage (D)
  5 orc sorcerers (D)
  A manticore (D)
  3 cyclopes (D)
  Joseph (D)
  A black mamba (D)
  A merfolk siren (D)
  2 naga magi (D)
  An eye of devastation (D)
  A hellion (D)
  A red devil (D)
  7 merfolk (D)
  A troll (D)
  4 wind drakes (D)
  Grinder (D)
  4 polar bears (D)
  2 snapping turtles (D)
  3 slime creatures (D)
  A raiju (D)
  Prince Ribbit (D)
  A ynoxinul (D)
  A spriggan (D)
  5 air elementals (D)
  2 shadows (D)
  A golden eye (D)
  A large abomination (D)
  3 nagas (D)
  3 wargs (D)
  5 water moccasins (D)
  8 orc warriors (D)
  2 necrophages (D)
  3 centaurs (D)
  2 ogres (D)
  An eye of draining (D)
  A wolf (D)
  A wight (D)
  2 quasits (D)
  A jelly (D)
  3 orc wizards (D)
  3 orc priests (D)
  Jessica (D)
  Ijyb (D)
  3 adders (D)
  A shadow imp (D)
  3 white imps (D)
  An ufetubus (D)
  2 oozes (D)
  An adder zombie (D)
  An adder skeleton (D)
  2 orcs (D)
  2 bat skeletons (D)
  2 bat zombies (D)
153 creatures vanquished.

Vanquished Creatures (collateral kills)
  An ancient lich (D)
  A lich (D)
  Polyphemus (D)
  Aizul (D)
  2 ghouls (D)
  A stone giant (D)
  A vampire knight (D)
  2 skeletal warriors (D)
  An orc knight (D)
  An orc sorcerer (D)
  3 shadows (D)
  A vampire (D)
  Duvessa (D)
  An orc warrior (D)
  An ogre (D)
  A wight (D)
  An adder zombie (D)
  An adder skeleton (D)
  A spectral bat (D)
  A bat zombie (D)
  4 giant cockroach zombies (D)
  A leopard gecko skeleton (D)
  A quokka zombie (D)
30 creatures vanquished.

Vanquished Creatures (others)
  Saint Roka (D)
  A dancing weapon (D)
  A wind drake (D)
3 creatures vanquished.

Grand Total: 186 creatures vanquished

Notes
Turn   | Place    | Note
-------+----------+-------------------------------------------
     0 | D        | olmar the Deep Dwarf Fighter began the quest for the Orb.
     0 | D        | Reached XP level 1. HP: 20/20 MP: 1/1
     0 | D        | Found a shimmering blue altar of Sif Muna.
     0 | D        | Found a sacrificial altar of Ru.
     0 | D        | Found a bloodstained altar of Trog.
     0 | D        | Found a stormy altar of Qazlal.
     0 | D        | Found an iron altar of Okawaru.
     0 | D        | Found a sparkling altar of Nemelex Xobeh.
     0 | D        | Found a blossoming altar of Fedhas.
     1 | D        | Found the +6 Majin-Bo {vamp, MP+6 Int+6}
     1 | D        | Found the +9 heavy crossbow "Sniper" {vorpal, Acc+∞ SInv}
     1 | D        | Found the +10 dark maul {vorpal}
     1 | D        | Found the +15 Maxwell's patent armour {-Cast -Tele rElec
                  | MR+ rCorr}
     1 | D        | Found the +18 shield of the Gong {rElec rN+ MR+ EV-5}
     1 | D        | Found the cursed +14 obsidian axe {vorpal, +Fly SInv
                  | *Curse}
     1 | D        | Found the +7 great mace "Firestarter" {inner flame, rF++}
     1 | D        | Found the +6 shillelagh "Devastator" {shatter}
     1 | D        | Found the +11 plutonium sword {*Contam Stlth-}
     1 | D        | Found the +8 lance "Wyrmbane" {slay drac, rPois rF+ rC+
                  | AC+3}
     1 | D        | Found the +9 sword of Zonguldrok {reap}
     1 | D        | Found the cursed +13 scythe of Curses {drain, *Curse}
     1 | D        | Found the +0 sword of Power
     1 | D        | Found the +7 mace of Variability {chain chaos}
     1 | D        | Found the +7 Singing Sword {vorpal, sonic wave}
     1 | D        | Found the +8 storm bow {elec, penet}
     1 | D        | Banished a spatial maelstrom
     2 | D        | Found a transporter.
     2 | D        | Found an ancient bone altar of Kikubaaqudgha.
     2 | D        | Found a viscous altar of Jiyva.
     2 | D        | Found a corrupted altar of Lugonu.
     2 | D        | Found a hazy altar of Hepliaklqana.
     2 | D        | Found a burning altar of Makhleb.
     2 | D        | Found an opulent altar of Gozag.
    30 | D        | Became a worshipper of Gozag Ym Sagoz the Greedy
    62 | D        | Entered arena 2.
    62 | D        | Noticed a wolf
    62 | D        | Noticed a spriggan
    62 | D        | Found a transporter.
    63 | D        | Identified the +9 morningstar "Rauthip" {elec, +Fly rN+
                  | Str-2 Dex+4}
    64 | D        | Killed a wolf
    64 | D        | Reached skill level 6 in Shields
    64 | D        | Reached XP level 2. HP: 31/31 MP: 2/2
    64 | D        | Reached XP level 3. HP: 38/38 MP: 3/3
    64 | D        | Reached XP level 4. HP: 45/45 MP: 4/4
    65 | D        | Killed a spriggan
    65 | D        | Reached skill level 8 in Shields
    65 | D        | Reached XP level 5. HP: 56/56 MP: 5/5
    74 | D        | Entered arena 3.
    74 | D        | Found a transporter.
    94 | D        | Entered arena 4.
    94 | D        | Noticed a deep elf mage
    94 | D        | Noticed a +0 war axe of electrocution
    94 | D        | Noticed a deep elf archer
    94 | D        | Noticed a deep elf archer
    94 | D        | Found a transporter.
    98 | D        | Noticed an ice beast
    99 | D        | Noticed an ice beast
   104 | D        | Killed a deep elf mage
   104 | D        | Reached skill level 10 in Armour
   104 | D        | Reached skill level 10 in Shields
   104 | D        | Reached XP level 6. HP: 68/68 MP: 6/6
   104 | D        | Reached XP level 7. HP: 75/75 MP: 7/7
   116 | D        | Killed a deep elf archer
   116 | D        | Reached skill level 5 in Polearms
   116 | D        | Reached skill level 11 in Shields
   116 | D        | Reached XP level 8. HP: 85/85 MP: 8/8
   118 | D        | Killed a deep elf archer
   118 | D        | Reached skill level 12 in Shields
   120 | D        | Killed a +0 war axe of electrocution
   120 | D        | Reached skill level 10 in Fighting
   120 | D        | Reached skill level 13 in Shields
   120 | D        | Gained mutation: You passively map the area around you.
                  | [Deep Dwarf growth]
   120 | D        | Reached XP level 9. HP: 93/93 MP: 9/9
   135 | D        | Entered arena 5.
   135 | D        | Noticed a polar bear
   135 | D        | Noticed a polar bear
   135 | D        | Noticed a polar bear
   135 | D        | Noticed a polar bear
   135 | D        | Found a transporter.
   138 | D        | Killed a polar bear
   138 | D        | Killed a polar bear
   141 | D        | Killed a polar bear
   150 | D        | Killed a polar bear
   164 | D        | Entered arena 6.
   164 | D        | Found a transporter.
   167 | D        | Reached skill level 14 in Shields
   181 | D        | Entered arena 7.
   181 | D        | Noticed a black mamba
   182 | D        | Found a transporter.
   189 | D        | Killed a black mamba
   216 | D        | Entered arena 8.
   216 | D        | Noticed a merfolk
   216 | D        | Noticed a wind drake
   216 | D        | Noticed a merfolk
   216 | D        | Noticed a merfolk
   216 | D        | Noticed a merfolk
   217 | D        | Found the +3 salamander hide armour {Flames rF++ rC--}
   217 | D        | Found a transporter.
   220 | D        | Reached XP level 10. HP: 104/104 MP: 10/10
   221 | D        | Reached skill level 10 in Polearms
   221 | D        | Reached skill level 15 in Shields
   253 | D        | Entered arena 9.
   253 | D        | Noticed a cyclops
   253 | D        | Noticed a cyclops
   254 | D        | Found a transporter.
   258 | D        | Killed a cyclops
   260 | D        | Killed a cyclops
   267 | D        | Reached skill level 16 in Shields
   285 | D        | Entered arena 10.
   285 | D        | Noticed a naga mage
   285 | D        | Noticed a naga mage
   286 | D        | Found a transporter.
   310 | D        | Killed a naga mage
   317 | D        | Killed a naga mage
   350 | D        | Entered arena 11.
   350 | D        | Noticed an eye of devastation
   352 | D        | Found a transporter.
   359 | D        | Reached XP level 11. HP: 105/115 MP: 1/11
   366 | D        | Reached skill level 17 in Shields
   390 | D        | Got Vuuneydig's Volume of Bewitching Earth
   398 | D        | Entered arena 12.
   398 | D        | Noticed a flayed ghost
   414 | D        | Killed a flayed ghost
   415 | D        | Found a transporter.
   446 | D        | Entered arena 13.
   446 | D        | Noticed a soul eater
   446 | D        | Noticed a soul eater
   446 | D        | Noticed a shadow dragon
   447 | D        | Noticed a shadow dragon
   464 | D        | Killed a shadow dragon
   464 | D        | Reached skill level 18 in Shields
   474 | D        | Killed a soul eater
   493 | D        | Killed a shadow dragon
   493 | D        | Reached skill level 5 in Evocations
   495 | D        | Killed a soul eater
   496 | D        | Found a transporter.
   515 | D        | Entered arena 14.
   516 | D        | Reached skill level 1 in Dodging
   516 | D        | Reached XP level 12. HP: 54/128 MP: 12/12
   519 | D        | Noticed an orc high priest
   520 | D        | Identified the +0 chain mail "Zienna" {rElec rPois Dex+5
                  | Stlth-}
   522 | D        | Found a transporter.
   526 | D        | Reached skill level 19 in Shields
   544 | D        | Killed an orc high priest
   577 | D        | Entered arena 15.
   579 | D        | Noticed a lich
   580 | D        | Noticed a deep elf elementalist
   583 | D        | Noticed an Executioner
   585 | D        | Killed a deep elf elementalist
   585 | D        | Reached skill level 15 in Fighting
   585 | D        | Reached skill level 20 in Shields
   585 | D        | Reached XP level 13. HP: 115/138 MP: 13/13
   615 | D        | Noticed a reaper
   618 | D        | Killed a lich
   624 | D        | Found a transporter.
   650 | D        | Got the ring "Nifubapa" {MR+ EV+4 Str+2 Int+4}
   666 | D        | Entered arena 16.
   668 | D        | Noticed a merfolk impaler
   669 | D        | Noticed a merfolk javelineer
   674 | D        | Reached skill level 21 in Shields
   675 | D        | Killed a merfolk impaler
   675 | D        | Reached skill level 10 in Evocations
   675 | D        | Killed a merfolk javelineer
   677 | D        | Reached skill level 22 in Shields
   683 | D        | Found a transporter.
   726 | D        | Got the amulet of Lefoto {Spirit rN+ Str+5 Int+2}
   736 | D        | Entered arena 17.
   740 | D        | Noticed a storm dragon
   740 | D        | Noticed a storm dragon
   740 | D        | Noticed a storm dragon
   741 | D        | Noticed a storm dragon
   741 | D        | Noticed a titan
   742 | D        | Found a transporter.
   742 | D        | Noticed a storm dragon
   746 | D        | Killed a storm dragon
   747 | D        | Killed a storm dragon
   751 | D        | Killed a storm dragon
   753 | D        | Killed a storm dragon
   754 | D        | Killed a storm dragon
   754 | D        | Reached skill level 23 in Shields
   761 | D        | Killed a titan
   799 | D        | Entered arena 18.
   802 | D        | Noticed Duvessa
   802 | D        | Noticed Joseph
   802 | D        | Noticed Louise
   802 | D        | Noticed Ijyb
   802 | D        | Noticed Pikel
   802 | D        | Noticed Polyphemus
   802 | D        | Noticed Saint Roka
   802 | D        | Noticed Grinder
   802 | D        | Noticed Nergalle
   802 | D        | Noticed Jessica
   802 | D        | Noticed Aizul
   803 | D        | Identified the +9 arbalest of Crawling {freeze, rElec
                  | rPois}
   803 | D        | Identified Roxanne's Catalogue of Transmutation
   803 | D        | Noticed Roxanne
   803 | D        | Noticed Josephine
   803 | D        | Noticed Nikola
   804 | D        | Killed Jessica
   806 | D        | Killed Grinder
   806 | D        | Killed Ijyb
   809 | D        | Killed Pikel
   809 | D        | Killed Joseph
   809 | D        | Gained mutation: You resist negative energy. (rN+) [Deep
                  | Dwarf growth]
   809 | D        | Reached XP level 14. HP: 115/151 MP: 14/14
   810 | D        | Killed Duvessa
   811 | D        | Killed Aizul
   812 | D        | Killed Nergalle
   812 | D        | Reached skill level 15 in Armour
   813 | D        | Killed Louise
   814 | D        | Killed Josephine
   823 | D        | Killed Saint Roka
   824 | D        | Killed Polyphemus
   824 | D        | Reached skill level 24 in Shields
   824 | D        | Reached skill level 15 in Evocations
   826 | D        | Killed Nikola
   838 | D        | Found a transporter.
   865 | D        | Killed Roxanne
   904 | D        | Entered arena 19.
   911 | D        | Noticed an orc warlord
   911 | D        | Noticed a stone giant
   911 | D        | Identified the +9 double sword of the Thing {flame, +Inv
                  | +Fly Dex+2}
   919 | D        | Killed an orc warlord
   919 | D        | Reached skill level 5 in Dodging
   920 | D        | Found a transporter.
   920 | D        | Killed a stone giant
   977 | D        | Entered arena 20.
   982 | D        | Noticed a vampire knight
   982 | D        | Noticed a ghoul
   982 | D        | Noticed a lich
   982 | D        | Noticed a ghoul
   982 | D        | Noticed an ancient lich
   983 | D        | Identified the cursed +1 halberd "Bofyssie" {drain, rElec
                  | rC++ SInv}
   983 | D        | Noticed a vampire knight
   983 | D        | Identified the cursed +0 ring mail of Stoicism {rElec MR+}
   987 | D        | Killed a lich
   989 | D        | Killed a vampire knight
   989 | D        | Reached skill level 25 in Shields
   995 | D        | Killed an ancient lich
   995 | D        | Killed a ghoul
   995 | D        | Reached skill level 15 in Polearms
   998 | D        | Killed a ghoul
  1002 | D        | Found a transporter.
  1002 | D        | Killed a vampire knight
  1055 | D        | Got the ring "Quun" {rC+ rN+ rCorr}
  1071 | D        | Entered arena 21.
  1078 | D        | Noticed Donald
  1078 | D        | Noticed Ignacio
  1078 | D        | Noticed Gloorx Vloq
  1078 | D        | Noticed Prince Ribbit
  1078 | D        | Noticed Mara
  1078 | D        | Noticed Sonja
  1079 | D        | Noticed Dissolution
  1080 | D        | Noticed an Executioner
  1080 | D        | Noticed Chuck
  1080 | D        | Noticed Jory
  1081 | D        | Identified the +4 morningstar of Sunlight {flame, rF- rC+
                  | rN+ Dex+6}
  1081 | D        | Noticed the Enchantress
  1082 | D        | Noticed an Executioner
  1082 | D        | Noticed an Executioner
  1082 | D        | Killed Prince Ribbit
  1084 | D        | Noticed olmar's illusion
  1084 | D        | Killed the Enchantress
  1084 | D        | Noticed Boris
  1084 | D        | Noticed Murray
  1086 | D        | HP: 4/153 [Ignacio/+5 executioner's axe of pain (6)]
  1086 | D        | Slain by Ignacio

Illustrated notes

Levels and vault maps discovered:
D:        sprint_v [room_start, room_1, room_2, room_3, room_4, room_5, room_6,
          room_7, room_8, room_9, room_10, room_11, room_12, room_13, room_14,
          room_15, room_16, room_17, room_18, room_19, room_20, room_21,
          room_22, room_23, room_24, room_25, room_26, room_27]

Skill      XL: |  1  2  3  4  5  6  7  8  9 10 11 12 13 14 |
---------------+-------------------------------------------+-----
Fighting       | 4 6 8 9 10 11 12 14 15 16 17 | 17.3
Polearms       | 2 3 4 5 7 9 11 13 14 15 | 15.1
Armour         | 6 8 10 12 13 14 16 | 16.9
Shields        | 6 8 10 11 13 14 16 18 20 23 25 | 25.6
Evocations     | 5 7 13 19 | 19.8
Dodging        | 1 2 3 5 |  5.9

Action                   |  1- 3 |  4- 6 |  7- 9 | 10-12 | 13-15 || total
-------------------------+-------+-------+-------+-------+-------++-------
Melee: Lance             |       |     8 |    42 |   137 |    90 ||   277
Invok: Potion Petition   |       |       |       |       |     1 ||     1
 Abil: Heal Wounds       |       |       |       |       |     2 ||     2
Evoke: Lightning rod     |     1 |     6 |    11 |    21 |    14 ||    53
       Condenser vane    |       |       |       |     7 |    14 ||    21
       Phantom mirror    |       |       |       |     1 |       ||     1
       Box of beasts     |       |       |       |     5 |    23 ||    28
       Phial of floods   |       |       |       |       |     1 ||     1
  Use: Potion            |       |     1 |       |     4 |    17 ||    22
 Stab: Distracted        |       |       |       |     1 |       ||     1
Armor: Plate armour      |       |     4 |    23 |    26 |    88 ||   141
Dodge: Dodged            |       |       |     4 |     5 |    30 ||    39
Block: Kite shield       |     1 |    16 |    61 |   119 |   142 ||   339
       Reflection        |       |       |       |       |    11 ||    11

Table legend: (Time is in decaauts)
 A = Elapsed time spent in this place.
 B = Non-inter-level travel time spent in this place.
 C = Inter-level travel time spent in this place.
 D = Time resting spent in this place.
 E = Time spent auto-exploring this place.
 F = Levels seen in this place.
 G = Mean time per level.
                   A        B        C        D        E       F      G
               +--------+--------+--------+--------+--------+-----+--------+
         Total |    963 |    963 |      0 |      0 |      0 |   1 |  963.0 |
       Dungeon |    963 |    963 |      0 |      0 |      0 |   1 |  963.0 |
               +--------+--------+--------+--------+--------+-----+--------+

Top non-repeatable levels by time:
       D: 963 daAuts
